 Dungeon Crawl Stone Soup version 0.28-a0-969-g2dcde036d2 (webtiles) character file.

Game seed: 5975227133825748971

29858 MacCMillion the Frost Mage (level 13, -4/103 HPs)
             Began as a Merfolk Ice Elementalist on Dec 1, 2021.
             Was the Champion of Elyvilon (penitent).
             Slain by a warg (9 damage)
             ... on level 2 of the Orcish Mines on Dec 2, 2021.
             The game lasted 02:04:21 (28292 turns).

MacCMillion the Frost Mage (MfIE)                  Turns: 28292, Time: 02:04:21

Health: -4/103     AC:  9    Str: 11    XL:     13   Next: 48%
Magic:  15/31      EV: 19    Int: 16    God:    Elyvilon [*]
Gold:   1370       SH:  5    Dex: 15    Spells: 5/24 levels left

rFire   + . .      SeeInvis .   y - +1 spear (venom)
rCold   + . .      Faith    .   K - +0 buckler
rNeg    . . .      Spirit   .   c - +3 leather armour
rPois   .          Reflect  .   M - +0 helmet
rElec   .          Harm     .   s - scarf {rC+ rF+}
rCorr   .          Rampage  .   (no gloves)
Will    .....                   O - +1 pair of boots
Stlth   ++........              S - amulet of magic regeneration
HPRegen 0.27/turn               f - +4 ring of evasion
MPRegen 0.62/turn               C - ring of magical power

@: very slightly contaminated
A: (nimble swimmer 2), mertail
a: Renounce Religion


You were on level 2 of the Orcish Mines.
You worshipped Elyvilon.
Elyvilon was demanding penance.
You visited 3 branches of the dungeon, and saw 18 of its levels.

You collected 1570 gold pieces.
You spent 200 gold pieces at shops.

Inventory:

Hand Weapons
 x - a +2 short sword of holy wrath
 y - a +1 spear of venom (weapon)
 L - a +4 scimitar of flaming
Armour
 c - a +3 leather armour (worn)
 h - a +1 ring mail of fire resistance
 s - a scarf of resistance (worn)
 K - a +0 buckler (worn)
 M - a +0 helmet (worn)
 O - a +1 pair of boots (worn)
Jewellery
 f - a +4 ring of evasion (left hand)
 g - a +6 ring of strength
 C - a ring of magical power (right hand)
 G - a ring of resist corrosion
 H - a +4 ring of evasion
 Q - a ring of fire
 S - an amulet of magic regeneration (around neck)
 Y - a ring of willpower
Wands
 i - a wand of iceblast (17)
 u - a wand of polymorph (11)
 D - a wand of charming (11)
 R - a wand of acid (1)
Scrolls
 b - 4 scrolls of amnesia
 e - 4 scrolls of immolation
 k - 2 scrolls of enchant weapon
 l - a scroll of silence
 o - 3 scrolls of brand weapon
 r - a scroll of fog
 v - 3 scrolls of magic mapping
 z - 2 scrolls of teleportation
 A - a scroll of acquirement {unknown}
 F - 3 scrolls of identify
 N - a scroll of noise {unknown}
 V - a scroll of holy word
Potions
 a - 2 potions of curing
 d - 3 potions of attraction
 m - 3 potions of ambrosia
 n - a potion of haste
 p - 6 potions of lignification
 q - 3 potions of flight
 t - 4 potions of brilliance
 B - a potion of invisibility {unknown}
 I - a potion of cancellation {unknown}
 J - 2 potions of magic
 T - 2 potions of berserk rage {unknown}
 U - 2 potions of mutation {unknown}
 W - a potion of might
 X - a potion of degeneration {unknown}


   Skills:
 - Level 10.0 Fighting
 * Level 2.0 Polearms
 + Level 7.2 Dodging
 - Level 2.1 Stealth
 - Level 4.0 Shields
 - Level 8.0 Unarmed Combat
 - Level 6.0 Spellcasting
 - Level 3.6 Conjurations
 + Level 10.6 Summonings
 - Level 8.0 Transmutations
 - Level 11.0 Ice Magic
 + Level 7.2 Invocations


You had 5 spell levels left.
You knew the following spells:

 Your Spells              Type           Power      Damage    Failure   Level
a - Freeze                Ice            100%       1d11      1%          1
b - Frozen Ramparts       Ice            80%        1d10      1%          3
c - Ozocubu's Armour      Ice            40%        N/A       1%          3
d - Summon Ice Beast      Ice/Summ       39%        N/A       1%          4
e - Ice Form              Ice/Tmut       35%        N/A       3%          4
f - Hailstorm             Conj/Ice       28%        3d8       9%          4

Your spell library contained the following spells:

 Spells                   Type           Power      Damage    Failure   Level
 Summon Small Mammal      Summ           100%       N/A       1%          1
 Animate Skeleton         Necr           8%         N/A       19%         1
 Apportation              Tloc           8%         N/A       19%         1
 Ignite Poison            Fire/Tmut/Pois 13%        N/A       19%         3
 Conjure Flame            Conj/Fire      10%        6-21      26%         3
 Petrify                  Tmut/Erth      17%        N/A       34%         4
 Metabolic Englaciation   Hex/Ice        11%        N/A       45%         5
 Gell's Gravitas          Tloc           4%         N/A       47%         3
 Lesser Beckoning         Tloc           4%         N/A       47%         3
 Teleport Other           Tloc           4%         N/A       47%         3
 Summon Forest            Summ/Tloc      10%        N/A       50%         5
 Sticky Flame             Conj/Fire      10%        2d3       63%         4
 Passage of Golubria      Tloc           4%         N/A       87%         4
 Silence                  Hex/Air        2%         N/A       99%         5
 Summon Hydra             Summ           19%        N/A       88%         7
 Eringya's Noxious Bog    Tmut/Pois      8%         N/A       99%         6
 Statue Form              Tmut/Erth      11%        N/A       99%         6
 Dispersal                Tloc           2%         N/A       100%        6
 Lehudib's Crystal Spear  Conj/Erth      5%         10d3      100%        8


Dungeon Overview and Level Annotations

Branches:
Dungeon (11/15)            Temple (0/1) D:5            Lair (5/6) D:10
 Shoals (0/4) Lair:4        Snake (0/4) Lair:4          Orc (2/2) D:11
    Elf (0/3) Orc:2
  Slime: Lair:5-6

Altars:
Cheibriados
Elyvilon
Fedhas
Makhleb
Qazlal
Trog
Zin

Shops:
D:2 [   D:7 :   Orc:2 !(

Annotations:
D:9 exclusion: door
Lair:2 exclusion: 2 oklob plants
Lair:4 exclusion: door
Lair:5 Rupert


Innate Abilities, Weirdness & Mutations

((You are quick and stealthy near water. (Stealth+, EV+, Speed+++)))
Your lower body shifts to a powerful aquatic tail in water.


Message History

The hail pelts the warg!
You kill the warg!
Your Polearms skill increases to level 2!
Unknown command.
Casting: Hailstorm (dangerous; 9% risk of failure)
Confirm with . or Enter, or press ? or * to list all spells.
Casting: Hailstorm (dangerous; 9% risk of failure)
Press: ? - help, Dir - look around, f - activate You miscast Hailstorm.
You are very lightly contaminated with residual magic.
A wave of violent energy washes through your body!
* * * LOW HITPOINT WARNING * * *
Unknown command.
Casting: Hailstorm (dangerous; 9% risk of failure)
Confirm with . or Enter, or press ? or * to list all spells.
Casting: Hailstorm (dangerous; 9% risk of failure)
Press: ? - help, Dir - look around, f - activate A cannonade of hail descends around you!
The hail pelts the warg.
The warg is lightly wounded.
The warg bites you but does no damage.
Unknown command.
Casting: Hailstorm (dangerous; 9% risk of failure)
Confirm with . or Enter, or press ? or * to list all spells.
Casting: Hailstorm (dangerous; 9% risk of failure)
Press: ? - help, Dir - look around, f - activate
Okay, then.
Okay, then.
The warg misses you.
Your ice beast misses the warg.
Your ice beast hits the warg.
Your ice beast freezes the warg!
You hit the warg but do no damage.
The warg is almost dead.
The warg bites you but does no damage. The warg barely misses you.
Your ice beast completely misses the warg.
Unknown command.
Unknown command.
You closely miss the warg.
The warg is almost dead.
The warg bites you!
You die...

...).............)....##
##############.#)#)...#
#........## ##.#.).###
####o.#### ##....#.#
##.Y....####
#.oh#....#.#
##.@......##
###.........###
#.............#
#..............
................ ≈
.........###..... ≈
......##### ..... .
...... ...$. . .. ...#


You could see an orc knight, a warg (ally target), an orc warrior (strong) and a
friendly ice beast (summoned).

Vanquished Creatures
  A hydra (Lair:3)
  Erica (D:10)
  A deep troll (shapeshifter) (D:10)
  A necromancer (Lair:4)
  4 orc knights
  3 orc sorcerers
  A manticore (Lair:4)
  A cyclops (D:11)
  2 black mambas
  A gargoyle (D:11)
  A torpor snail (Lair:2)
  8 cane toads
  A kobold demonologist (D:9)
  3 komodo dragons
  A troll (D:11)
  A queen bee (Lair:1)
  A hornet (D:8)
  A vampire (D:8)
  4 shadows
  2 wraiths
  A wyvern (D:10)
  11 yaks
  A basilisk (Lair:2)
  A human (shapeshifter) (D:9)
  3 wargs (Orc:2)
  2 nagas (Lair:4)
  Duvessa (D:5)
  7 water moccasins
  A sky beast (D:6)
  17 orc warriors
  A necrophage (D:5)
  An ogre (D:5)
  3 ice beasts
  A centaur (D:11)
  9 wolves
  A phantom (D:11)
  2 kobold brigands
  10 bullfrogs
  A gnoll sergeant (D:9)
  A scorpion (D:4)
  A wyvern skeleton (D:6)
  Dowan (D:5)
  A troll zombie (D:11)
  28 killer bees
  7 wights
  4 centaur zombies
  2 gnoll shamans
  3 orc priests
  A bullfrog skeleton (D:5)
  2 hounds
  2 iguanas
  6 orc wizards
  5 hell rats
  A yak simulacrum (Lair:4)
  2 ogre zombies (D:11)
  A hound zombie (D:5)
  A howler monkey zombie (D:4)
  10 gnolls
  5 adders
  3 white imps
  An ufetubus (D:5)
  3 dart slugs
  35 orcs
  6 bats
  4 endoplasms
  2 giant cockroaches
  4 goblins
  7 hobgoblins
  7 jackals
  3 quokkas
  6 ball pythons
  3 frilled lizards
  A goblin zombie (D:11)
  3 hobgoblin skeletons (D:11)
  3 hobgoblin zombies (D:11)
  16 kobolds
  An orc skeleton (D:11)
  7 orc zombies (D:11)
  25 rats
  A river rat simulacrum (Lair:4)
338 creatures vanquished.

Vanquished Creatures (collateral kills)
  A hydra (Lair:4)
  A two-headed ogre (D:10)
  A lindwurm (Lair:4)
  A centaur zombie (D:10)
  2 cane toads (Lair:1)
  A komodo dragon (Lair:4)
  2 trolls
  A wind drake (Lair:4)
  2 yaks
  A wyvern (D:10)
  A wraith (D:10)
  A steam dragon (D:10)
  A warg (Orc:1)
  4 water moccasins
  A black bear (D:8)
  8 orc warriors
  An ogre (Orc:2)
  3 wolves
  A phantom (D:5)
  2 centaurs
  A kobold brigand (D:9)
  A gnoll sergeant (D:5)
  A scorpion (D:10)
  2 wights (D:8)
  12 killer bees
  5 orc priests
  A bullfrog skeleton (D:5)
  A hound (D:5)
  An iguana (D:10)
  An orc wizard (D:9)
  2 nameless horrors (D:9)
  3 ogre zombies (D:11)
  A hound zombie (D:5)
  An adder (D:5)
  7 gnolls
  A worm (D:5)
  12 orcs
  A goblin skeleton (D:11)
  A goblin zombie (D:11)
  5 kobolds
  2 orc zombies (D:11)
98 creatures vanquished.

Vanquished Creatures (others)
  11 fungi
  40 plants
51 creatures vanquished.

Grand Total: 487 creatures vanquished

Notes
Turn   | Place    | Note
-------+----------+-------------------------------------------
     0 | D:1      | MacCMillion the Merfolk Ice Elementalist began the quest
                  | for the Orb.
     0 | D:1      | Reached XP level 1. HP: 13/13 MP: 3/3
   319 | D:1      | Found a faded altar of an unknown god.
   331 | D:1      | Prayed at the altar of an unknown god.
   331 | D:1      | Became a worshipper of Elyvilon the Healer
   331 | D:1      | Reached * piety under Elyvilon
   377 | D:1      | Reached XP level 2. HP: 19/19 MP: 1/5
   528 | D:1      | Reached skill level 5 in Ice Magic
  1144 | D:2      | Reached XP level 3. HP: 19/24 MP: 0/6
  1148 | D:2      | Learned a level 3 spell: Frozen Ramparts
  1218 | D:2      | Reached ** piety under Elyvilon
  1687 | D:2      | Reached skill level 6 in Ice Magic
  1899 | D:2      | Found a glowing silver altar of Zin.
  1902 | D:2      | Reached XP level 4. HP: 30/30 MP: 5/7
  1933 | D:2      | Found Oddebeuf's Antique Armour Shoppe.
  2338 | D:3      | Reached *** piety under Elyvilon
  2493 | D:3      | Found a burning altar of Makhleb.
  2986 | D:4      | Reached XP level 5. HP: 33/35 MP: 4/8
  3071 | D:4      | Reached skill level 7 in Ice Magic
  3207 | D:4      | Reached **** piety under Elyvilon
  3469 | D:4      | Learned a level 3 spell: Ozocubu's Armour
  3629 | D:4      | Reached XP level 6. HP: 41/41 MP: 5/9
  3934 | D:5      | Entered Level 5 of the Dungeon
  3979 | D:5      | Reached skill level 1 in Fighting
  4151 | D:5      | Reached skill level 8 in Ice Magic
  4320 | D:2      | Bought a glowing scarf for 200 gold pieces
  4435 | D:5      | Noticed an ice beast
  4808 | D:5      | Noticed a necrophage
  5332 | D:6      | Noticed an ice beast
  5432 | D:7      | Found Ojuiv's Book Emporium.
  5441 | D:7      | Reached skill level 1 in Summonings
  5441 | D:7      | Reached XP level 7. HP: 50/50 MP: 6/11
  6233 | D:7      | Learned a level 4 spell: Summon Ice Beast
  6253 | D:6      | Reached XP level 8. HP: 51/58 MP: 3/13
  6718 | D:6      | Reached skill level 5 in Summonings
  7070 | D:5      | Noticed Dowan
  7071 | D:5      | Noticed Duvessa
  7107 | D:5      | Killed Duvessa
  7107 | D:5      | Killed Dowan
  7509 | D:5      | Reached XP level 9. HP: 59/65 MP: 12/16
  7760 | D:5      | Found a staircase to the Ecumenical Temple.
  7829 | D:5      | Reached skill level 5 in Spellcasting
  8214 | D:7      | Reached ***** piety under Elyvilon
  8285 | D:7      | Reached skill level 5 in Fighting
  8552 | D:8      | Reached skill level 9 in Ice Magic
  9000 | D:8      | Noticed a hornet
  9007 | D:8      | Killed a hornet
  9252 | D:8      | Reached skill level 1 in Polearms
  9635 | D:9      | Noticed a kobold demonologist
  9639 | D:9      | Noticed a rust devil
  9641 | D:9      | Killed a kobold demonologist
  9926 | D:10     | Entered Level 10 of the Dungeon
  9948 | D:10     | Reached skill level 10 in Ice Magic
  9948 | D:10     | Reached XP level 10. HP: 75/77 MP: 19/19
  9955 | D:10     | Found a bloodstained altar of Trog.
  9981 | D:10     | Learned a level 4 spell: Ice Form
  9989 | D:10     | Found a staircase to the Lair.
 10060 | D:10     | Noticed a harpy
 10060 | D:10     | a polar bear changed into a harpy
 10068 | D:10     | a harpy changed into a basilisk
 10267 | D:10     | Noticed a two-headed ogre
 10291 | D:10     | Killed a two-headed ogre
 10674 | D:10     | Reached skill level 1 in Unarmed Combat
 10811 | D:10     | Reached skill level 5 in Transmutations
 11227 | D:10     | Noticed a deep troll
 11241 | D:10     | Killed a deep troll
 11891 | D:8      | Reached skill level 11 in Ice Magic
 12281 | D:10     | Reached skill level 1 in Shields
 12540 | D:10     | Reached XP level 11. HP: 83/87 MP: 20/20
 12759 | Lair:1   | Entered Level 1 of the Lair of Beasts
 12770 | Lair:1   | Noticed Erica
 13492 | D:10     | HP: 4/104 [something (7)]
 13494 | D:10     | Elyvilon protects you from harm!
 14854 | D:9      | Reached ****** piety under Elyvilon
 14866 | D:9      | Found a blossoming altar of Fedhas.
 14986 | D:9      | Found a snail-covered altar of Cheibriados.
 15432 | Lair:1   | Reached skill level 5 in Unarmed Combat
 17577 | Lair:2   | Reached skill level 10 in Fighting
 17609 | Lair:2   | Found a stormy altar of Qazlal.
 17840 | Lair:2   | Reached XP level 12. HP: 97/97 MP: 15/21
 18280 | Lair:2   | Found a blossoming altar of Fedhas.
 19462 | Lair:3   | Reached skill level 1 in Invocations
 19561 | Lair:3   | Noticed a seven-headed hydra
 19580 | Lair:3   | Killed a seven-headed hydra
 20730 | Lair:4   | Identified the +4 ring mail of the Unseen Realm {Harm rCorr
                  | Dex+5}
 20762 | Lair:4   | Noticed a seven-headed hydra
 20772 | Lair:4   | Killed a seven-headed hydra
 21209 | Lair:3   | Learned a level 4 spell: Hailstorm
 21270 | Lair:4   | Reached skill level 5 in Invocations
 21460 | Lair:4   | Found a staircase to the Shoals.
 21937 | Lair:4   | Found a staircase to the Snake Pit.
 22943 | Lair:4   | Reached skill level 1 in Conjurations
 23104 | Lair:5   | Noticed a death yak
 23105 | Lair:5   | Noticed a death yak
 23106 | Lair:5   | Noticed Rupert
 23109 | Lair:5   | Noticed an eight-headed hydra
 23187 | Lair:5   | Noticed a death yak
 23790 | D:10     | Killed Erica
 24076 | D:11     | Reached skill level 5 in Dodging
 24212 | D:11     | Found a staircase to the Orcish Mines.
 24288 | D:11     | Reached XP level 13. HP: 103/103 MP: 22/22
 24490 | D:11     | Reached skill level 10 in Summonings
 25278 | Orc:1    | Entered Level 1 of the Orcish Mines
 25285 | Orc:1    | Was placed under penance by Elyvilon
 25287 | Orc:1    | Paralysed by an orc sorcerer for 3 turns
 25952 | Orc:2    | Entered Level 2 of the Orcish Mines
 25963 | Orc:2    | Found a staircase to the Elven Halls.
 28143 | Orc:2    | Elyvilon protects you from harm!
 28218 | Orc:2    | HP: 2/103 [orc warrior (14)]
 28263 | Orc:2    | HP: 4/103 [orc warrior (10)]
 28266 | Orc:2    | Elyvilon protects you from harm!
 28269 | Orc:2    | Found Jithub's Antique Weapon Emporium.
 28269 | Orc:2    | Found Ytiob's Distillery.
 28286 | Orc:2    | HP: 3/103 [something (8)]
 28292 | Orc:2    | Slain by a warg

Illustrated notes

Levels and vault maps discovered:
D:1:      dpeg_arrival_houses_and_road, layout_basic,
          hellmonk_ecumenical_altar_blasted
D:2:      layout_basic, serial_shops, nicolae_square_shop, basic_altar,
          minmay_fountain_box, st_stairs_8
D:3:      layout_basic, mainiacjoe_overflow_boulevard
D:4:      layout_rooms, minmay_rat_hole
D:5:      minmay_spotlight, layout_basic, minmay_temple_entry_statues,
          serial_glass, glass_columns_c, glass_columns_b, nicolae_grassy_gnolls,
          uniq_duvessa
D:6:      layout_basic
D:7:      layout_rooms, serial_shops, shop
D:8:      layout_basic
D:9:      cheibrodos_two_vegetables, layout_basic, fedhas_altar_3,
          old_standard_altar
D:10:     layout_cave_pods, trog_butcher_becter, david_lair_shrubbed
D:11:     layout_roguey, zombieorc1_lemuel, grunt_decor_clamped
Lair:1:   layout_layer_cave, special_room [special_room_bee],
          nicolae_quartered_pool_little, beast_lair_carwin_1, uniq_erica
Lair:2:   layout_gridlike, basic_altar, hangedman_tree_tricks
Lair:3:   layout_big_grid, chequers_serial_rivers_micro_a, guppyfry_lair_drakes
Lair:4:   layout_hall_layers, minmay_shoals_entry_beasts,
          minmay_snake_entry_guardpost_small, eino_house_with_fridge
Lair:5:   layout_cave_shapes, grunt_megastairs_1, uniq_rupert
Orc:1:    layout_diamond_mine
Orc:2:    st_orc_town, layout_diamond_mine, nooodl_orcs_dogs

Skill      XL: |  1  2  3  4  5  6  7  8  9 10 11 12 13 |
---------------+----------------------------------------+-----
Ice Magic      | 5 6 7 8 10 11 | 11.0
Fighting       | 2 3 4 6 8 10 | 10.0
Dodging        | 3 5 7 |  7.2
Spellcasting   | 3 4 6 |  6.0
Summonings     | 1 4 6 7 9 10 | 10.6
Polearms       | 1 2 |  2.0
Transmutations | 7 8 |  8.0
Unarmed Combat | 3 6 8 |  8.0
Shields        | 1 4 |  4.0
Invocations    | 5 7 |  7.2
Conjurations   | 2 3 |  3.6
Stealth        | |  2.1

Action                   |  1- 3 |  4- 6 |  7- 9 | 10-12 | 13-15 || total
-------------------------+-------+-------+-------+-------+-------++-------
Melee: Club              |    16 |     2 |       |       |       ||    18
       Dagger            |       |   184 |    71 |       |       ||   255
       Spear             |       |       |   115 |   186 |    20 ||   321
       Unarmed           |       |       |       |   267 |   129 ||   396
       Short sword       |       |       |       |     7 |       ||     7
       Punch             |       |       |       |     2 |       ||     2
 Cast: Freeze            |    46 |    66 |    18 |     1 |       ||   131
       Frozen Ramparts   |     1 |     9 |    20 |    26 |    11 ||    67
       Ozocubu's Armour  |       |     5 |    11 |     9 |     6 ||    31
       Summon Ice Beast  |       |       |    39 |   123 |    65 ||   227
       Ice Form          |       |       |       |    55 |    17 ||    72
       Hailstorm         |       |       |       |     4 |    19 ||    23
 Abil: End Transformatio |       |       |       |     2 |     1 ||     3
Evoke: Wand              |       |       |       |     1 |     8 ||     9
  Use: Scroll            |       |       |     8 |    11 |     4 ||    23
       Potion            |       |       |       |     2 |     7 ||     9
 Stab: Sleeping          |       |     2 |       |     1 |       ||     3
       Distracted        |       |     1 |     3 |     4 |       ||     8
Armor: Leather armour    |    22 |   126 |    99 |    46 |     7 ||   300
       Skin              |       |       |       |    93 |    39 ||   132
Dodge: Dodged            |    37 |   179 |   142 |   257 |   203 ||   818
Block: Buckler           |       |       |       |       |    11 ||    11

Table legend: (Time is in decaauts)
 A = Elapsed time spent in this place.
 B = Non-inter-level travel time spent in this place.
 C = Inter-level travel time spent in this place.
 D = Time resting spent in this place.
 E = Time spent auto-exploring this place.
 F = Levels seen in this place.
 G = Mean time per level.
                   A        B        C        D        E       F      G
               +--------+--------+--------+--------+--------+-----+--------+
         Total |  28278 |  27301 |    977 |   9273 |  11636 |  18 | 1571.0 |
       Dungeon |  17175 |  16431 |    744 |   5072 |   7573 |  11 | 1561.4 |
          Lair |   8327 |   8130 |    197 |   2937 |   3777 |   5 | 1665.4 |
  Orcish Mines |   2775 |   2739 |     36 |   1264 |    285 |   2 | 1387.5 |
               +--------+--------+--------+--------+--------+-----+--------+

Top non-repeatable levels by time:
    D:10: 3198 daAuts
  Lair:4: 2805 daAuts
  Lair:1: 2100 daAuts
     D:9: 1987 daAuts
  Lair:2: 1931 daAuts
   Orc:1: 1921 daAuts
     D:8: 1793 daAuts
     D:5: 1763 daAuts
    D:11: 1606 daAuts
     D:6: 1527 daAuts
  Lair:3: 1448 daAuts
     D:4: 1185 daAuts
     D:2: 1182 daAuts
     D:1: 1133 daAuts
     D:7: 1040 daAuts
